 Dungeon Crawl Stone Soup version 0.30-a0-605-gb2882149bf (webtiles) character file.

Game seed: 10144700272879766424

1134 sokol815 the Digger (level 8, -1/46 HPs)
             Began as an Octopode Earth Elementalist on Jan 8, 2023.
             Was an Initiate of Gozag.
             Slain by a wyvern (19 damage)
             ... on level 7 of the Dungeon.
             The game lasted 00:09:38 (5838 turns).

sokol815 the Digger (Octopode Earth Elementalist)   Turns: 5838, Time: 00:09:39

Health: -1/46      AC:  1    Str: 11    XL:     8   Next: 36%
Magic:  13/20      EV: 13    Int: 19    God:    Gozag
Gold:   431        SH:  0    Dex: 12    Spells: 7/11 levels left

rFire   + + +      SeeInvis .    o - +11 dagger "Megoelef" {drain, Int+2}
rCold   . . .      Faith    .    (no shield)
rNeg    . . .      Spirit   .    (helmet restricted)
rPois   .          Reflect  .    (no amulet)
rElec   .          Harm     .    c - ring "Acyisasi" {rF+++ MP+9 Str+3 Int-2 Stlth+}
rCorr   .          Rampage  .    (no ring)
Will    .....                    (no ring)
Stlth   ++++                     (no ring)
HPRegen 0.27/turn                (no ring)
MPRegen 0.17/turn                (no ring)
                                 (no ring)
                                 (no ring)

@: gold aura
A: almost no armour, amphibious, 8 rings, camouflage 1, gelatinous body 1,
(nimble swimmer 1), tentacles
a: Renounce Religion, Potion Petition, Call Merchant, Bribe Branch


You were on level 7 of the Dungeon.
You worshipped Gozag.
Gozag was aware of your devotion.
You visited 2 branches of the dungeon, and saw 8 of its levels.

You collected 527 gold pieces.
You paid 96 gold pieces to Gozag.

Inventory:

Hand Weapons
 a - a +0 trident
   (You found it on level 1 of the Dungeon)
 b - a +0 trident of freezing
   (You took it off an orc on level 5 of the Dungeon)
 o - the +11 dagger "Megoelef" (weapon) {drain, Int+2}
   (You found it on level 3 of the Dungeon)

   Int:       It affects your intelligence (+2).
 t - a +2 dagger of speed
   (You took it off an orc on level 3 of the Dungeon)
Missiles
 i - 2 javelins
 n - 2 curare-tipped darts
 r - a boomerang
 s - 72 stones
Magical Staves
 h - a staff of cold {rC+}
   (You found it on level 7 of the Dungeon)
Jewellery
 c - the ring "Acyisasi" (left tentacle) {rF+++ MP+9 Str+3 Int-2 Stlth+}
   (You acquired it on level 4 of the Dungeon)

   [ring of magical power]

   Str:       It affects your strength (+3).
   Int:       It affects your intelligence (-2).
   rF:        It renders you almost immune to fire.
   MP:        It affects your magic capacity (+9).
   Stlth:     It makes you more stealthy.
Wands
 q - a wand of flame (31)
   (You found it on level 4 of the Dungeon)
 y - a wand of mindburst (12)
   (You found it on level 5 of the Dungeon)
Scrolls
 j - a scroll of amnesia
 V - 2 scrolls of vulnerability {!r!r}
 Y - 3 scrolls of teleportation {@r3}
Potions
 d - a potion of ambrosia {unknown}
 e - 2 potions of invisibility {unknown}
 f - a potion of lignification {unknown}
 g - a potion of curing {unknown}
 p - 2 potions of flight {unknown}
 u - 2 potions of might {unknown}
 M - a potion of magic
 N - a potion of heal wounds {@q2}
 U - 2 potions of mutation {!q}


   Skills:
 * Level 5.3 Short Blades
 - Level 2.0 Dodging
 - Level 2.6 Stealth
 - Level 2.0 Spellcasting
 * Level 5.6 Conjurations
 - Level 1.0 Transmutations
 + Level 6.1 Earth Magic


You had 7 spell levels left.
You knew the following spells:

 Your Spells              Type           Power      Damage    Failure   Level
a - Sandblast             Erth           50%        2d12      1%          1
x - Stone Arrow           Conj/Erth      48%        3d10      4%          3

Your spell library contained the following spells:

 Spells                   Type           Power      Damage    Failure   Level
 Magic Dart               Conj           92%        1d7       1%          1
 Passwall                 Tmut/Erth      12%        N/A       6%          2
 Sting                    Tmut/Pois      12%        1d3       14%         1
 Apportation              Tloc           2%         N/A       17%         1
 Mephitic Cloud           Conj/Pois/Air  9%         N/A       24%         3
 Call Imp                 Summ           1%         N/A       26%         2
 Poisonous Vapours        Pois/Air       2%         N/A       26%         2
 Petrify                  Tmut/Erth      15%        N/A       36%         4
 Olgreb's Toxic Radiance  Pois           1%         N/A       86%         4
 Alistair's Intoxication  Tmut/Pois      2%         N/A       98%         5


Dungeon Overview and Level Annotations

Branches:
Dungeon (7/15) Zot: 26642  Temple (1/1) D:5 Zot: 5798

Altars:
Ashenzari
Cheibriados
Dithmenos
Elyvilon
Fedhas
Gozag
Hepliaklqana
Nemelex Xobeh
Okawaru
Qazlal
Ru
Sif Muna
Trog
Uskayaw
Vehumet
Wu Jian
Xom
Yredelemnul
Zin
The Shining One

Shops:
D:4 ?

Annotations:
D:2 Terence
D:7 3 runed translucent doors, CornPuffBuddha's ghost, novice KoHu; yumyumyeen's ghost, novice DsMo


Innate Abilities, Weirdness & Mutations

You cannot wear most types of armour.
You are amphibious.
You can wear up to eight rings at the same time.
Your skin changes colour to match your surroundings (Stealth+).
Your rubbery body absorbs attacks. (AC +1, EV +1)
((You are camouflaged when in or above water. (Stealth+)))
You have tentacles for arms and can constrict up to eight enemies at once.


Message History

You open the door.
There is an open door here.
You open the door.
Found a hazy altar of Hepliaklqana.
You open the door.
There is an open door here.
There is an open door here.
You open the door.
There is an open door here.
You open the door.
There is an open door here.
You open the door.
There is an open door here.
You open the door.
There is an open door here.
As you open the door, it creaks loudly!
There is an open door here.
h - a staff of cold {rC+} You now have 416 gold pieces (gained 12).
You open the door.
There is an open door here.
Found a stone staircase leading down.
Found a stone staircase leading up.
You now have 426 gold pieces (gained 10).
j - a scroll of amnesia
Okay, then.
Okay, then.
You see here a +0 war axe.
Yumyumyeen's ghost turns its malevolent gaze towards you.
Yumyumyeen's ghost hits the withered plant!!
The withered plant begins to crumble.
Yumyumyeen's ghost hits something.
A jelly comes into view.
No target in view!
There is an open door here.
The blast of sand hits the jelly!!
The jelly quivers.
You now have 19/20 mp.
The blast of sand hits the jelly!
You kill the jelly!
You now have 18/20 mp.
You now have 431 gold pieces (gained 5).
You see here an amulet of faith.
Found a stone staircase leading down.
MP restored: 20 An orc wizard comes into view.
It is wielding a +0 dagger.
An orc comes into view. It is wielding a +0 club.
You see here 4 javelins.
A white imp and an orc wizard come into view.
The orc shouts!
You hear an angry hiss.
A wyvern comes into view.
You hear a loud, deep croak!
The white imp shouts, "Decamp, thou venomed onion-eyed joithead!"
You hear an angry hiss.
You hear an angry growl.
A bullfrog comes into view.
An ice beast comes into view.
The orc wizard shouts!
The blast of sand hits the orc.
A black bear comes into view.
An iguana comes into view.
You now have 19/20 mp.
You puncture the orc!
You kill the orc!
The bullfrog is distracted by your dazzling golden aura.
The orc wizard gestures wildly while chanting.
The orc wizard flickers and vanishes!
Deactivating autopickup; reactivate with Ctrl-A.
You barely miss the wyvern. The wyvern bites you!
You take 17 damage, and have 29/46 hp.
MASSIVE DAMAGE!!
Okay, then.
Okay, then.
The wyvern attacks as you move away! The wyvern barely misses you.
You see here 4 javelins.
As you read the scroll of fear, it crumbles to dust.
You assume a fearsome visage.
The white imp looks frightened!
The ice beast looks frightened!
The bullfrog looks frightened!
The orc wizard looks frightened!
The black bear looks frightened!
The wyvern looks frightened!
Cornered, the wyvern turns to fight!
The orc wizard mumbles some strange words.
The orc wizard flickers and vanishes!
MP restored: 20
Here: a wyvern The floor, spattered with blood.
Aim: a wyvern (83% to hit)
The blast of sand hits the wyvern!
The bullfrog is no longer distracted by gold.
The wyvern bites you! x2
* * * LOW HITPOINT WARNING * * *
You take 19 damage, and have 11/46 hp.
MASSIVE DAMAGE!!
You now have 19/20 mp.
You feel much better. The wyvern bites you! x2
You regained 6 hp, and now have 17/46 hp.
Aim: a wyvern (moderately wounded, 71% to hit)
The stone arrow hits the wyvern!
The wyvern closely misses you.
You now have 16/20 mp.
Aim: a wyvern (almost dead, 71% to hit)
The stone arrow misses the wyvern.
The wyvern bites you!!
You die...
Your body crumbles into a pile of gold.

........
.5....l $
..... .{?.
#..######
#>l......
#.# #l# #@#
#. #.# #.
#.# #. #.#
#(
#####.#####
#.
#.........#
#.
#...".....#
####.
#.........#
#....
#.........#
##.##


You could see a wyvern, an iguana and a white imp (fleeing).

Vanquished Creatures
  2 ice beasts
  2 centaurs (D:5)
  A phantom (D:4)
  A scorpion (D:6)
  A howler monkey (D:5)
  3 jellies
  2 orc priests
  3 hounds (D:5)
  4 iguanas
  4 orc wizards
  5 adders
  3 white imps
  2 worms
  3 dart slugs
  15 orcs
  6 endoplasms
  2 giant cockroaches
  5 goblins
  7 hobgoblins
  6 jackals
  5 kobolds
  3 quokkas
  6 ball pythons
  8 bats
  5 frilled lizards
  4 rats
108 creatures vanquished.

Vanquished Creatures (others)
  A kobold (D:3)
  4 withered plants (D:7)
5 creatures vanquished.

Grand Total: 113 creatures vanquished

Notes
Turn   | Place    | Note
-------+----------+-------------------------------------------
     0 | D:1      | sokol815 the Octopode Earth Elementalist began the quest
                  | for the Orb.
     0 | D:1      | Reached XP level 1. HP: 11/11 MP: 3/3
   219 | D:1      | Reached XP level 2. HP: 16/17 MP: 3/5
   626 | D:1      | Reached skill level 4 in Earth Magic
   887 | D:1      | Reached XP level 3. HP: 21/21 MP: 4/6
  1184 | D:2      | Noticed Terence
  1306 | D:2      | Learned a level 3 spell: Stone Arrow
  1594 | D:2      | Reached XP level 4. HP: 27/27 MP: 4/7
  1630 | D:2      | Reached skill level 1 in Conjurations
  2049 | D:3      | Identified the +11 dagger "Megoelef" {drain, Int+2}
  2301 | D:3      | Found a sacrificial altar of Ru.
  2592 | D:3      | Reached skill level 1 in Short Blades
  3028 | D:4      | Reached XP level 5. HP: 31/31 MP: 6/8
  3047 | D:4      | Found Fegiloab's Magic Scroll Shoppe.
  3051 | D:4      | Reached skill level 2 in Conjurations
  3589 | D:4      | Identified a scroll of acquirement
  3589 | D:4      | Acquired the ring "Acyisasi" {rF+++ MP+9 Str+3 Int-2
                  | Stlth+}
  3694 | D:4      | Reached skill level 2 in Short Blades
  3834 | D:5      | Entered Level 5 of the Dungeon
  3834 | D:5      | Noticed a phantom
  3840 | D:4      | Killed a phantom
  3841 | D:4      | Reached skill level 3 in Conjurations
  3841 | D:4      | Reached skill level 5 in Earth Magic
  3841 | D:4      | Reached XP level 6. HP: 17/36 MP: 9/9
  4003 | D:5      | Reached skill level 3 in Short Blades
  4105 | D:5      | Reached XP level 7. HP: 23/41 MP: 10/10
  4237 | D:5      | Reached skill level 4 in Conjurations
  4378 | D:5      | Found a staircase to the Ecumenical Temple.
  4385 | Temple   | Entered the Ecumenical Temple
  4546 | Temple   | Became a worshipper of Gozag Ym Sagoz the Greedy
  4631 | D:5      | Reached skill level 4 in Short Blades
  4994 | D:6      | Reached XP level 8. HP: 43/46 MP: 11/11
  5001 | D:6      | Reached skill level 5 in Conjurations
  5086 | D:6      | Found a blossoming altar of Fedhas.
  5087 | D:6      | Found a hide-covered altar of Uskayaw.
  5301 | D:6      | Reached skill level 5 in Short Blades
  5382 | D:6      | Reached skill level 6 in Earth Magic
  5570 | D:7      | Found a hazy altar of Hepliaklqana.
  5767 | D:7      | Found a runed translucent gate.
  5768 | D:7      | Found a runed translucent gate.
  5768 | D:7      | Found a runed translucent gate.
  5769 | D:7      | Noticed yumyumyeen's ghost (novice DsMo)
  5769 | D:7      | Noticed CornPuffBuddha's ghost (novice KoHu)
  5827 | D:7      | Noticed a wyvern
  5835 | D:7      | HP: 11/46 [wyvern (11)]
  5838 | D:7      | Slain by a wyvern

Illustrated notes

Levels and vault maps discovered:
D:1:      dpeg_arrival_pits, layout_basic, serial_corexii_hall,
          corexii_hall_statues_i, corexii_hall_statues_t
D:2:      layout_loops_ring, serial_bayou_pond_e, uniq_terence
D:3:      layout_loops_ring, nicolae_ru_great_annihilating_truth,
          solitary_fountain, serial_bayou_pond_a,
          chequers_serial_rivers_micro_a, lemuel_flame_loot_1
D:4:      layout_loops_cross, serial_shops, shop
D:5:      layout_rooms, temple_statues, minmay_misc_feat_hallway
D:6:      layout_rooms, minitemple
D:7:      layout_basic, mainiacjoe_overflow_24_doors, gammafunk_ghost_cemetery,
          grunt_decor_fettered, uniq_crazy_yiuf_cottage
Temple:   bh_familiar_temple

Skill      XL: |  1  2  3  4  5  6  7  8 |
---------------+-------------------------+-----
Earth Magic    | 4 5 6 |  6.1
Conjurations   | 1 3 4 5 |  5.6
Short Blades   | 1 2 3 4 5 |  5.3
Dodging        | |  2.0
Stealth        | |  2.6
Spellcasting   | |  2.0
Transmutations | |  1.0

Action                   |  1- 3 |  4- 6 |  7- 9 || total
-------------------------+-------+-------+-------++-------
Melee: Trident           |    14 |     5 |       ||    19
       Constrict         |     2 |     4 |     5 ||    11
       Dagger            |       |    12 |    29 ||    41
       Tentacles         |       |     3 |     3 ||     6
 Cast: Sandblast         |    32 |    57 |    48 ||   137
       Stone Arrow       |       |       |     2 ||     2
  Use: Scroll            |       |    10 |     3 ||    13
       Potion            |       |       |     1 ||     1
 Stab: Sleeping          |     1 |       |       ||     1
Armor: Skin              |     3 |     2 |     2 ||     7
Dodge: Dodged            |     4 |    22 |    12 ||    38

Table legend: (Time is in decaauts)
 A = Elapsed time spent in this place.
 B = Non-inter-level travel time spent in this place.
 C = Inter-level travel time spent in this place.
 D = Time resting spent in this place.
 E = Time spent auto-exploring this place.
 F = Levels seen in this place.
 G = Mean time per level.
                   A        B        C        D        E       F      G
               +--------+--------+--------+--------+--------+-----+--------+
         Total |   5904 |   5753 |    151 |    492 |   4632 |   8 |  738.0 |
       Dungeon |   5702 |   5592 |    110 |    492 |   4480 |   7 |  814.6 |
        Temple |    201 |    161 |     40 |      0 |    152 |   1 |  201.0 |
               +--------+--------+--------+--------+--------+-----+--------+

Top non-repeatable levels by time:
     D:1: 1120 daAuts
     D:3: 989 daAuts
     D:2: 947 daAuts
     D:4: 936 daAuts
     D:5: 744 daAuts
     D:6: 608 daAuts
     D:7: 356 daAuts
  Temple: 201 daAuts

Table legend:
 A = Kills in this place as a percentage of kills in entire the game.
 B = Kills by you in this place as a percentage of kills by you in the entire game.
 C = Kills by friends in this place as a percentage of kills by friends in the entire game.
 D = Other kills in this place as a percentage of other kills in the entire game.
 E = Experience gained in this place as a percentage of experience gained in the entire game.
 F = Experience gained in this place divided by the number of levels of this place that you have seen.
                   A       B       C       D       E      F
               +-------+-------+-------+-------+-------+----------------------
         Total | 100.0 | 100.0 |   N/A |   N/A | 100.0 | 202.5
       Dungeon | 100.0 | 100.0 |   N/A |   N/A | 100.0 | 231.4
               +-------+-------+-------+-------+-------+----------------------
